 Dungeon Crawl Stone Soup version 0.20.0-3-g22ec75f (webtiles) character file.

1939 GalAn the Cleaver (level 9, -4/75 HPs)
             Began as a Hill Orc Fighter on May 27, 2017.
             Slain by a hornet (5 damage)
             ... on level 7 of the Dungeon.
             The game lasted 00:42:58 (6867 turns).

GalAn the Cleaver (Hill Orc Fighter)                Turns: 6867, Time: 00:42:59

Health: -4/75      AC: 18    Str: 23    XL:     9   Next: 18%
Magic:  9/9        EV:  5    Int:  6    God:
Gold:   278        SH: 11    Dex: 10    Spells: 8/8 levels left

rFire    . . .     SeeInvis .   a - +2 war axe
rCold    . . .     Gourm    .   c - +1 shield
rNeg     + . .     Faith    .   v - +0 plate armour
rPois    .         Spirit   .   m - +0 helmet
rElec    .         Reflect  .   (no cloak)
rCorr    .         Harm     .   (no gloves)
MR       .....                  (no boots)
Stlth    ..........             (no amulet)
Regen    0.3/turn               i - ring of stealth
MPRegen  0.2/turn               u - ring of positive energy

@: mighty, lethally poisoned (-4 -> -11), slowed, very slow
A: molten scales 1, slimy green scales 1, dopey 1, weak 2, no potion heal 1
a: no special abilities


You were on level 7 of the Dungeon.
You were hungry.

You visited 1 branch of the dungeon, and saw 7 of its levels.

You collected 278 gold pieces.

Inventory:

Hand Weapons
 a - a +2 war axe (weapon)
 s - a +0 war axe
Missiles
 q - 2 silver tomahawks (quivered)
Armour
 c - a +1 shield (worn)
 m - a +0 helmet (worn)
 v - a +0 plate armour (worn)
Jewellery
 i - a ring of stealth (left hand)
 u - a ring of positive energy (right hand)
Wands
 j - a wand of lightning (3/15)
 n - a wand of polymorph (7/24)
 x - a wand of random effects (7/48)
Scrolls
 b - a scroll of magic mapping
 k - a scroll of fog
 o - 3 scrolls of remove curse
 p - 3 scrolls of teleportation
 r - a scroll of fear
 t - a scroll of recharging
 w - 3 scrolls of identify
Potions
 e - 2 potions of haste
 g - a potion of magic
Comestibles
 f - 4 bread rations
 h - a meat ration


   Skills:
 + Level 6.3 Fighting
 + Level 10.4 Axes
 + Level 6.3 Armour
 + Level 1.2 Dodging
 + Level 0.5 Stealth
 + Level 6.6 Shields
 + Level 0.2 Evocations


You had 8 spell levels left.
You didn't know any spells.

Dungeon Overview and Level Annotations

Branches:
Dungeon (7/15)             Temple (0/1) D:4

Altars:
Elyvilon
Fedhas
Kikubaaqudgha
Ru
Uskayaw

Shops:
D:6 :


Innate Abilities, Weirdness & Mutations

You are partially covered in molten scales. (AC +2)
You are partially covered in slimy green scales. (AC +2)
You are dopey. (Int -2)
You are very weak. (Str -4)
Potions are less effective at restoring your health.


Message History

You feel sick. You block the hornet's attack. x2
The hornet barely misses you.
You slash the hornet!
The hornet is moderately wounded.
* * * LOW HITPOINT WARNING * * *
You feel sick. The hornet stings you.
* * * LOW HITPOINT WARNING * * *
You feel yourself slow down.
You feel very mighty all of a sudden.
* * * LOW HITPOINT WARNING * * *
You feel sick.
The hornet stings you but does no damage.
The hornet stings you.
* * * LOW HITPOINT WARNING * * *
You feel as though you will be slow longer.
You slice the hornet!!
The hornet is almost dead.
* * * LOW HITPOINT WARNING * * *
You feel sick. The hornet stings you.
You die...

#.# #.# #.#
#.# # #.#
#.#.#######
#.#
#...y@....#
#.#
#...#####.#
#<# #.. #.#
#.# #. #.#
#.# #
#.#########.#
#...........#
#############


You could see a hornet.

Vanquished Creatures
  Sigmund (D:4)
  Edmund (D:4)
  2 sky beasts (D:6)
  An orc warrior (D:6)
  A phantom (D:5)
  An ogre (D:6)
  A centaur (D:6)
  2 bullfrogs (D:6)
  2 scorpions (D:5)
  A howler monkey (D:4)
  A crimson imp (D:5)
  3 hounds
  6 orc priests
  A centaur skeleton (D:5)
  Terence (D:2)
  5 orc wizards
  4 worker ants
  A hound skeleton (D:6)
  A hound zombie (D:5)
  2 worker ant zombies (D:6)
  9 adders
  2 shadow imps
  An ooze (D:5)
  4 worms
  6 leopard geckos
  21 orcs
  3 giant cockroaches
  4 goblins
  8 hobgoblins
  10 jackals
  9 kobolds
  3 quokkas
  A ball python (D:3)
  10 bats
  6 frilled lizards
  5 rats
140 creatures vanquished.

Vanquished Creatures (others)
  An orc wizard (D:6)
  4 toadstools (D:1)
5 creatures vanquished.

Grand Total: 145 creatures vanquished

Notes
Turn   | Place    | Note
-------+----------+-------------------------------------------
     0 | D:1      | GalAn the Hill Orc Fighter began the quest for the Orb.
     0 | D:1      | Reached XP level 1. HP: 19/19 MP: 1/1
   150 | D:1      | Reached skill level 3 in Axes
   208 | D:1      | Reached XP level 2. HP: 23/27 MP: 2/2
   859 | D:1      | Gained mutation: You are partially covered in icy blue scales. (AC +2) [potion of mutation]
   859 | D:1      | Gained mutation: You have an increased reservoir of magic. (+10% MP) [potion of mutation]
   860 | D:1      | Lost mutation: You are partially covered in icy blue scales. (AC +2) [potion of mutation]
   860 | D:1      | Gained mutation: You have a pair of small horns on your head. [potion of mutation]
   860 | D:1      | Gained mutation: You have a somewhat thin skeletal structure. (Dex +2, Stealth) [potion of mutation]
   860 | D:1      | Gained mutation: You are robust. (+10% HP) [potion of mutation]
   861 | D:1      | Lost mutation: You have a pair of small horns on your head. [potion of mutation]
   861 | D:1      | Lost mutation: You are robust. (+10% HP) [potion of mutation]
   861 | D:1      | Lost mutation: You have an increased reservoir of magic. (+10% MP) [potion of mutation]
   861 | D:1      | Gained mutation: Scrolls take you a little longer to read. [potion of mutation]
   861 | D:1      | Lost mutation: Scrolls take you a little longer to read. [potion of mutation]
   861 | D:1      | Gained mutation: Your muscles are strong. (Str +2) [potion of mutation]
   955 | D:1      | Reached XP level 3. HP: 26/33 MP: 3/3
  1360 | D:2      | Lost mutation: Your muscles are strong. (Str +2) [potion of mutation]
  1360 | D:2      | Lost mutation: You have a somewhat thin skeletal structure. (Dex +2, Stealth) [potion of mutation]
  1360 | D:2      | Gained mutation: You are dopey. (Int -2) [potion of mutation]
  1360 | D:2      | Gained mutation: You are partially covered in slimy green scales. (AC +2) [potion of mutation]
  1613 | D:2      | Noticed Terence
  1711 | D:2      | Killed Terence
  1711 | D:2      | Reached XP level 4. HP: 40/40 MP: 4/4
  2166 | D:3      | Found a sacrificial altar of Ru.
  2410 | D:3      | Reached skill level 4 in Axes
  2722 | D:3      | Reached XP level 5. HP: 44/46 MP: 5/5
  3282 | D:4      | Found an ancient bone altar of Kikubaaqudgha.
  3392 | D:4      | Reached skill level 5 in Axes
  3396 | D:4      | Noticed Edmund
  3410 | D:4      | Reached XP level 6. HP: 41/53 MP: 6/6
  3452 | D:4      | Killed Edmund
  3616 | D:4      | Found a staircase to the Ecumenical Temple.
  3778 | D:4      | Noticed Sigmund
  3820 | D:4      | Killed Sigmund
  3820 | D:4      | Reached skill level 6 in Axes
  3820 | D:4      | Reached skill level 5 in Armour
  3820 | D:4      | Reached skill level 1 in Dodging
  3820 | D:4      | Reached skill level 5 in Shields
  3820 | D:4      | Reached XP level 7. HP: 27/60 MP: 7/7
  4509 | D:5      | Entered Level 5 of the Dungeon
  4584 | D:5      | Reached skill level 7 in Axes
  4604 | D:5      | Reached skill level 5 in Fighting
  4719 | D:5      | Reached XP level 8. HP: 68/68 MP: 8/8
  4806 | D:5      | Found a blossoming altar of Fedhas.
  4810 | D:5      | Reached skill level 8 in Axes
  5613 | D:5      | Found a hide-covered altar of Uskayaw.
  5613 | D:5      | Found a white marble altar of Elyvilon.
  6109 | D:6      | Reached skill level 9 in Axes
  6114 | D:6      | Found Lidin's Book Shop.
  6127 | D:6      | Gained mutation: You are weak. (Str -2) [mutagenic meat]
  6128 | D:6      | Gained mutation: You are very weak. (Str -4) [mutagenic meat]
  6129 | D:6      | Gained mutation: Potions are less effective at restoring your health. [mutagenic meat]
  6130 | D:6      | Gained mutation: You are partially covered in molten scales. (AC +2) [mutagenic meat]
  6331 | D:6      | Reached XP level 9. HP: 72/75 MP: 9/9
  6345 | D:6      | Reached skill level 10 in Axes
  6848 | D:7      | Noticed a hornet
  6856 | D:7      | Paralysed by a hornet for 3 turns
  6866 | D:7      | HP: 2/75 [hornet (2)]
  6867 | D:7      | Slain by a hornet

Skill      XL: |  1  2  3  4  5  6  7  8  9 |
---------------+----------------------------+-----
Axes           | 3 4 5 6 7 9 10 | 10.4
Fighting       | 4 5 6 |  6.3
Armour         | 4 5 6 |  6.3
Shields        | 4 5 6 |  6.6
Dodging        | 1 |  1.2
Stealth        | |  0.5
Evocations     | |  0.2

Action                   |  1- 3 |  4- 6 |  7- 9 || total
-------------------------+-------+-------+-------++-------
Melee: War axe           |   120 |   240 |   266 ||   626
       Unarmed           |     3 |       |       ||     3
Evoke: Wand              |       |     3 |       ||     3
  Use: Scroll            |     6 |     5 |     2 ||    13
       Potion            |     7 |     4 |     3 ||    14
  Eat: Bread ration      |     1 |     1 |       ||     2
       Fruit             |       |     1 |     1 ||     2
       Meat ration       |       |       |     1 ||     1
       Chunk             |       |       |     4 ||     4
       Royal jelly       |       |       |     2 ||     2
Armor: Scale mail        |    24 |       |       ||    24
       Chain mail        |    34 |   102 |       ||   136
       Skin              |     8 |       |       ||     8
       Plate armour      |       |    34 |   143 ||   177
Dodge: Dodged            |    21 |    42 |    33 ||    96
Block: Shield            |    57 |   115 |   129 ||   301
